 Dungeon Crawl Stone Soup version 0.30-a0-393-g54b8e3be05 (webtiles) character file.

Game seed: 15381951736659929601

85 freelancePsychic the Cutter (level 4, 0/22 (23) HPs)
             Began as a Vine Stalker Warper on Dec 6, 2022.
             Was a Follower of Fedhas.
             Slain by Crazy Yiuf
             ... wielding a +3 quarterstaff of chaos
              (9 damage)
             ... on level 2 of the Dungeon.
             The game lasted 00:02:08 (1563 turns).

freelancePsychic the Cutter (Vine Stalker Warper)   Turns: 1563, Time: 00:02:09

HP:   0/22 (23)     AC:  4    Str: 16    XL:     4   Next: 48%
MP:   0/8           EV: 11    Int: 13    God:    Fedhas [*.....]
Gold: 131           SH:  0    Dex: 13    Spells: 7/7 levels left

rFire   . . .      SeeInvis .    k - +2 short sword (distort)
rCold   . . .      Faith    .    (no shield)
rNeg    . . .      Spirit   +    b - +0 leather armour
rPois   .          Reflect  .    h - +0 helmet
rElec   .          Harm     .    (no cloak)
rCorr   .          Rampage  .    (no gloves)
Will    .....                    (no boots)
Stlth   +.........               (no amulet)
HPRegen 1.03/turn                (no ring)
MPRegen 0.11/turn                (no ring)

@: lightly drained
A: fangs 2, regeneration 1, magic shield, antimagic bite, no potion heal 2
a: Renounce Religion


You were on level 2 of the Dungeon.
You worshipped Fedhas.
Fedhas was aware of your devotion.
You visited 1 branch of the dungeon, and saw 2 of its levels.

You collected 131 gold pieces.

Inventory:

Hand Weapons
 a - a +0 short sword
 k - a +2 short sword of distortion (weapon)
Missiles
 d - 2 boomerangs of dispersal (quivered)
Armour
 b - a +0 leather armour (worn)
 h - a +0 helmet (worn)
Jewellery
 j - a ring of wizardry
 q - an amulet of the acrobat
Scrolls
 c - a scroll of blinking
 e - a scroll of noise {unknown}
 g - 4 scrolls of identify {@r1}
 i - 4 scrolls of amnesia
 n - 2 scrolls of vulnerability {unknown}
 o - a scroll of magic mapping {unknown}
 r - a scroll of poison {unknown}
Potions
 f - 2 potions of curing {unknown}
 l - a potion of degeneration {unknown}
 m - a potion of flight {unknown}
 p - a potion of brilliance {unknown}


   Skills:
 + Level 2.6 Fighting
 * Level 3.3 Short Blades
 - Level 0.8 Throwing
 - Level 0.7 Armour
 - Level 1.5 Dodging
 - Level 0.2 Stealth
 - Level 2.1 Spellcasting
 - Level 3.0 Translocations
 + Level 1.1 Invocations


You had 7 spell levels left.
You didn't know any spells.
Your spell library contained the following spells:

 Spells                   Type           Power      Damage    Failure   Level
 Blink                    Tloc           18%        N/A       14%         2
 Lesser Beckoning         Tloc           18%        N/A       26%         3
 Teleport Other           Tloc           9%         N/A       26%         3
 Vhi's Electric Charge    Tloc/Air       10%        N/A       45%         3
 Manifold Assault         Tloc           9%         N/A       65%         4
 Airstrike                Air            0%         2d(1-17)  97%         4
 Summon Lightning Spire   Summ/Air       1%         N/A       97%         4
 Lightning Bolt           Conj/Air       0%         1d11      100%        5


Dungeon Overview and Level Annotations

Branches:
Dungeon (2/15)

Altars:
Fedhas

Annotations:
D:2 Crazy Yiuf


Innate Abilities, Weirdness & Mutations

You have extremely sharp teeth.
Your natural rate of healing is unusually fast.
When hurt, damage is shared between your health and your magic reserves.
Your bite disrupts and absorbs the magic of your enemies.
Potions cannot restore your health.


Message History

No target in view!
No target in view!
No target in view!
No target in view!
No target in view!
No target in view!
You see here 4 stones.
You see here 4 stones.
Found a runed translucent door.
Crazy Yiuf shouts!
You see here a +0 shortbow.
There is an escape hatch in the floor here.
g - 5 scrolls labelled ZIURGH ZEAFETIT (gained 1)
Found a stone staircase leading down.
As you read the scroll labelled ZIURGH ZEAFETIT, it crumbles to dust.
It is a scroll of identify.
i - 4 scrolls of amnesia You open the door.
Crazy Yiuf shouts!
You hit Crazy Yiuf.
Crazy Yiuf is lightly wounded.
Crazy Yiuf hits you with a +3 quarterstaff of chaos!
You feel drained.
You are too injured to fight recklessly!
You hit Crazy Yiuf but do no damage.
Space warps around Crazy Yiuf.
Crazy Yiuf is moderately wounded.
Crazy Yiuf hits you with a +3 quarterstaff of chaos!
* * * LOW HITPOINT WARNING * * *
Crazy Yiuf freezes you.
You hit Crazy Yiuf.
Space warps around Crazy Yiuf.
Crazy Yiuf is heavily wounded.
Crazy Yiuf closely misses you.
Throw: 3 boomerangs (disperse)
Press: ? - help, Q - select action Shift-Dir - straight line, f - Crazy Yiuf
Aim: Crazy Yiuf, wielding a +3 quarterstaff of chaos and wearing a +0 cloak of stealth (heavily wounded, 61% to hit)
You throw a boomerang of dispersal.
The boomerang of dispersal barely misses Crazy Yiuf.
Crazy Yiuf hits you with a +3 quarterstaff of chaos!
You die...
Fedhas appreciates your contribution to the ecosystem.

#.....###..##..)#.###
#....................
#.......######.......
######### #.......
#.......
########.)..... ###
###.#..+.#.......
#...##..#.............
#...g@####............
#)..### ##.+..#######
### ###### # # #


You could see Crazy Yiuf.

Vanquished Creatures
  4 adders (D:2)
  11 ball pythons
  3 bats (D:1)
  3 endoplasms
  A giant cockroach (D:1)
  5 hobgoblins
  A quokka (D:1)
  A frilled lizard (D:1)
  3 goblins (D:2)
  3 kobolds (D:1)
  6 rats
41 creatures vanquished.

Notes
Turn   | Place    | Note
-------+----------+-------------------------------------------
     0 | D:1      | freelancePsychic the Vine Stalker Warper began the quest
                  | for the Orb.
     0 | D:1      | Reached XP level 1. HP: 11/11 MP: 4/4
   124 | D:1      | Reached XP level 2. HP: 5/15 MP: 1/6
   920 | D:2      | Found a faded altar of an unknown god.
   923 | D:2      | Prayed at the altar of an unknown god.
   923 | D:2      | Became a worshipper of Fedhas Madash
   923 | D:2      | Reached * piety under Fedhas
   974 | D:2      | Reached XP level 3. HP: 18/18 MP: 7/7
  1093 | D:2      | Gained mutation: Your natural rate of healing is unusually
                  | fast. [Vine Stalker growth]
  1093 | D:2      | Reached XP level 4. HP: 23/23 MP: 8/8
  1110 | D:2      | Reached skill level 1 in Invocations
  1445 | D:2      | Found a runed translucent door.
  1446 | D:2      | Noticed Crazy Yiuf
  1563 | D:2      | Slain by Crazy Yiuf

Illustrated notes

Levels and vault maps discovered:
D:1:      ncdulo_lavacross, layout_basic
D:2:      layout_rooms, nicolae_ecumenical_pavilion, minmay_snake_closets,
          uniq_crazy_yiuf_cottage

Skill      XL: |  1  2  3  4 |
---------------+-------------+-----
Short Blades   | 2 3 |  3.3
Fighting       | 2 |  2.6
Invocations    | 1 |  1.1
Throwing       | |  0.8
Armour         | |  0.7
Dodging        | |  1.5
Stealth        | |  0.2
Spellcasting   | |  2.1
Translocations | |  3.0

Action                   |  1- 3 |  4- 6 || total
-------------------------+-------+-------++-------
Melee: Short sword       |    82 |    28 ||   110
       Bite              |    16 |     3 ||    19
Throw: Boomerang         |     4 |     1 ||     5
  Use: Scroll            |       |     1 ||     1
 Stab: Sleeping          |     1 |     1 ||     2
Armor: Leather armour    |    23 |     8 ||    31
Dodge: Dodged            |    43 |    16 ||    59

Table legend: (Time is in decaauts)
 A = Elapsed time spent in this place.
 B = Non-inter-level travel time spent in this place.
 C = Inter-level travel time spent in this place.
 D = Time resting spent in this place.
 E = Time spent auto-exploring this place.
 F = Levels seen in this place.
 G = Mean time per level.
                   A        B        C        D        E       F      G
               +--------+--------+--------+--------+--------+-----+--------+
         Total |   1548 |   1527 |     21 |      0 |   1280 |   2 |  774.0 |
       Dungeon |   1548 |   1527 |     21 |      0 |   1280 |   2 |  774.0 |
               +--------+--------+--------+--------+--------+-----+--------+

Top non-repeatable levels by time:
     D:1: 912 daAuts
     D:2: 636 daAuts
